 Dungeon Crawl Stone Soup version 0.14-a0-1192-g192f278 (webtiles) character file.

140 PolkaDot the Ruinous (level 3, -10/24 HPs)
             Began as a Vampire Conjurer on Nov 30, 2013.
             Killed by divine providence
             ... invoked by an orc priest
              (13 damage)
             ... on Level 3 of the Dungeon.
             The game lasted 00:05:39 (2840 turns).

PolkaDot the Ruinous (Vampire Conjurer)             Turns: 2840, Time: 00:05:40

HP -10/24        AC  2     Str 14      XL: 3   Next: 96%
MP   6/6         EV 12     Int 18      God:
Gold 74          SH  0     Dex 14      Spells:  2 memorised,  1 level left

rFire  . . .     SeeInvis +     (no weapon)
rCold  . . .     Clarity  .     a - +0 robe
rNeg   + . .     Conserve .     (no shield)
rPois  .         rCorr    .     (no helmet)
rElec  .         rRot     .     (no cloak)
SustAb . .       Spirit   .     (no gloves)
rMut   .         Warding  .     (no boots)
Saprov . . .     Stasis   .     (no amulet)
                                (no ring)
                                s - +2 ring of strength

@: mighty, quite poisoned, slightly resistant to hostile enchantments, stealthy
A: fangs 3, see invisible, unbreathing
a: Bat Form


You were on level 3 of the Dungeon.
You were not thirsty.

You visited 1 branch of the dungeon, and saw 3 of its levels.

You collected 74 gold pieces.

Inventory:

Armour
 a - a +0 robe (worn)
Magical devices
 m - a wand of polymorph (13) {unknown}
 q - a wand of invisibility (7) {unknown}
Scrolls
 b - a scroll of curse weapon {unknown}
 d - 3 scrolls of enchant weapon I {unknown}
 e - 2 scrolls of fear {unknown}
 f - a scroll of magic mapping {unknown}
 g - 2 scrolls of enchant weapon II {unknown}
 i - 3 scrolls of noise {unknown}
 j - 5 scrolls of remove curse {unknown}
 k - 2 scrolls of amnesia {unknown}
 o - 3 scrolls of curse armour {unknown}
 p - a scroll of identify {unknown}
 t - a scroll of fog {unknown}
 v - 2 scrolls of teleportation {unknown}
 x - a scroll of blinking {unknown}
Jewellery
 s - a +2 ring of strength (left hand)
Potions
 n - a potion of confusion
Books
 c - a book of Conjurations

   Spells                             Type                      Level
   *Magic Dart                        Conjuration                  1
   *Searing Ray                       Conjuration                  2
   Dazzling Spray                     Conjuration/Hexes            3
   Iskenderun's Mystic Blast          Conjuration                  4
   Iskenderun's Battlesphere          Conjuration/Charms           4
   Fulminant Prism                    Conjuration/Hexes            5


   Skills:
 - Level 2.1 Dodging
 - Level 3.0 Stealth
 - Level 1.0 Spellcasting
 * Level 4.2 Conjurations


You had one spell level left.
You knew the following spells:

 Your Spells              Type           Power        Failure   Level  Hunger
a - Magic Dart            Conj           ###.         4%          1    ##.....
s - Searing Ray           Conj           ###...       8%          2    ###....


Dungeon Overview and Level Annotations

Branches:
Dungeon (3/16)

Altars:


Innate Abilities, Weirdness & Mutations

You have razor-sharp teeth.*
You have supernaturally acute eyesight.
You can survive without breathing.*


Message History

The orc priest invokes the aid of Beogh against you.
Something smites you!
Ouch! That really hurt!
* * * LOW HITPOINT WARNING * * *
You're too confused!
You hit the orc.
The orc is heavily wounded.
You feel less confused.
* * * LOW HITPOINT WARNING * * *
You feel sick. The orc barely misses you.
* * * LOW HITPOINT WARNING * * *
You feel sick.
The orc wizard mumbles some strange words.
The orc wizard blinks!
* * * LOW HITPOINT WARNING * * *
You feel sick.
The orc priest mumbles some strange prayers to Beogh against you.
Something smites you!
Ouch! That really hurt!
You die...

#.# #.# #.###.... #.#
##.## #.# ####. #.#
##...## #.# #.
#.########.....# #.# ##
#.......###...## ####.#
#######.####.#####....#
#............####
######.####### #@# #.#
#o# #o# #.# ########g#
######### #......oo#
#.......#
#.#####oo#######.#####.#
#.# ##.oo.oo......# #.#


You could see an orc priest, an orc wizard, 6 orcs and a hobgoblin.

Vanquished Creatures
  3 adders (D:2)
  A worm (D:3)
  4 bats
  4 giant cockroaches
  5 goblins
  4 hobgoblins (D:2)
  4 jackals (D:2)
  3 kobolds
  A giant newt (D:1)
  8 rats
37 creatures vanquished.

Notes
Turn   | Place    | Note
--------------------------------------------------------------
     0 | D:1      | PolkaDot, the Vampire Conjurer, began the quest for the Orb.
     0 | D:1      | Reached XP level 1. HP: 13/13 MP: 4/4
   322 | D:1      | Reached XP level 2. HP: 19/19 MP: 3/5
   925 | D:2      | Learned a level 2 spell: Searing Ray
  1244 | D:2      | Reached XP level 3. HP: 13/24 MP: 2/6
  1907 | D:2      | Reached skill level 4 in Conjurations
  2840 | D:3      | Killed from afar by an orc priest

Action                   || total
-------------------------++-------
Melee: Unarmed           ||    20
 Cast: Magic Dart        ||    54
       Searing Ray       ||     7
  Use: Potion            ||     7
